| TOP OF THE 1ST |
|
State College Spikes batting - Pitching for Tri-City Dust Devils : RHP Nick Goodlow
|
|
Pitching: RHP Nick Goodlow
|
|
|
Batting: RHB Bobby Miles
|
0-0: Ball 1-0: Swinging Strike 1-1: Ground out U3 (Groundball, 3, EV 81.2 MPH)
|
|
Batting: RHB Ben Politi
|
0-0: Swinging Strike 0-1: Ground out 1-3 (Groundball, 34S, EV 73.1 MPH)
|
|
Batting: RHB Ricky Yerzy
|
0-0: Ball 1-0: Ball 2-0: Ball 3-0: Base on Balls
|
|
Batting: RHB Sam Daw
|
0-0: Ball Ricky Yerzy steals 2nd base 1-0: DOUBLE (Groundball, 5L, EV 103.1 MPH) Ricky Yerzy scores
|
|
Batting: RHB Nelson Salamanca
|
0-0: Ball 1-0: Ground out 6-3 (Groundball, 6, EV 86.2 MPH)
|
| Top of the 1st over - 1 run, 1 hit, 0 errors, 1 left on base; State College 1 - Tri-City 0 |
| BOTTOM OF THE 1ST |
|
Tri-City Dust Devils batting - Pitching for State College Spikes : LHP Jon Zaragoza
|
|
Pitching: LHP Jon Zaragoza
|
|
|
Batting: LHB Ramon Vega
|
0-0: Ground out 6-3 (Groundball, 6MD, EV 86.9 MPH)
|
|
Batting: LHB Phil Lerner
|
0-0: Ball 1-0: Called Strike 1-1: Foul Ball, location: 2F 1-2: Fly out, F8 (Flyball, 78D, EV 88.1 MPH)
|
|
Batting: RHB Eric McMillian
|
0-0: Ball 1-0: Foul Ball, location: 2F 1-1: Swinging Strike 1-2: Foul Ball, location: 2F 1-2: Foul Ball, location: 2F 1-2: Fly out, F7 (Flyball, 7, EV 91.9 MPH)
|
| Bottom of the 1st over - 0 runs, 0 hits, 0 errors, 0 left on base; State College 1 - Tri-City 0 |
| TOP OF THE 2ND |
|
State College Spikes batting - Pitching for Tri-City Dust Devils : RHP Nick Goodlow
|
|
Batting: SHB Bobby Mercado
|
0-0: Ball 1-0: Ball 2-0: Foul Ball, location: 2F 2-1: Ball 3-1: Base on Balls
|
|
Batting: LHB Ken Morehead
|
0-0: Ball 1-0: Foul Ball, location: 2F 1-1: Swinging Strike 1-2: Strikes out swinging
|
|
Batting: RHB Tim Cleary
|
0-0: Called Strike Bobby Mercado is caught stealing 2nd base 2-4 0-1: Ball 1-1: Ground out 4-3 (Groundball, 34, EV 84.4 MPH)
|
| Top of the 2nd over - 0 runs, 0 hits, 0 errors, 0 left on base; State College 1 - Tri-City 0 |
| BOTTOM OF THE 2ND |
|
Tri-City Dust Devils batting - Pitching for State College Spikes : LHP Jon Zaragoza
|
|
Batting: RHB Mike MacLeod
|
0-0: Foul Ball, location: 2F 0-1: Ball 1-1: Called Strike 1-2: SOLO HOME RUN (Flyball, 7LD, EV 95.6 MPH), Distance : 347 ft
|
|
Batting: SHB Isaiah Scates
|
0-0: Ground out 5-3 (Groundball, 56S, EV 68.8 MPH)
|
|
Batting: RHB Hector Fernandez
|
0-0: Foul Ball, location: 2F 0-1: Ball 1-1: DOUBLE (Line Drive, 89XD, EV 106.9 MPH)
|
|
Batting: RHB Phil McFadden
|
0-0: Ball 1-0: Ball 2-0: Ball Wild Pitch! Hector Fernandez to third 3-0: Called Strike 3-1: Ground out U3 (Groundball, 3, EV 83.8 MPH)
|
|
Batting: RHB Frank Elizondo
|
0-0: SINGLE (Flyball, 89S, EV 93.8 MPH) Hector Fernandez scores
|
|
Batting: RHB Shane Bruce
|
0-0: Fielders Choice at 2nd, 6-4 (Groundball, 6, EV 82.5 MPH)
|
| Bottom of the 2nd over - 2 runs, 3 hits, 0 errors, 1 left on base; State College 1 - Tri-City 2 |
| TOP OF THE 3RD |
|
State College Spikes batting - Pitching for Tri-City Dust Devils : RHP Nick Goodlow
|
|
Batting: RHB Mario Carbajal
|
0-0: Ball 1-0: Called Strike 1-1: Foul Ball, location: 2F 1-2: Ball 2-2: Strikes out swinging
|
|
Batting: RHB Bobby Miles
|
0-0: Foul Ball, location: 2F 0-1: Swinging Strike 0-2: Ball 1-2: Foul Ball, location: 2F 1-2: Fly out, F4 (Popup, 4MD, EV 53.1 MPH)
|
|
Batting: RHB Ben Politi
|
0-0: Swinging Strike 0-1: Ball 1-1: Ball 2-1: Foul Ball, location: 2F 2-2: Ball 3-2: Strikes out swinging
|
| Top of the 3rd over - 0 runs, 0 hits, 0 errors, 0 left on base; State College 1 - Tri-City 2 |
| BOTTOM OF THE 3RD |
|
Tri-City Dust Devils batting - Pitching for State College Spikes : LHP Jon Zaragoza
|
|
Batting: LHB Ramon Vega
|
0-0: Called Strike 0-1: Swinging Strike 0-2: Strikes out swinging
|
|
Batting: LHB Phil Lerner
|
0-0: Called Strike 0-1: DOUBLE (Groundball, 3L, EV 98.8 MPH)
|
|
Batting: RHB Eric McMillian
|
0-0: Called Strike 0-1: SINGLE (Groundball, 56S, EV 68.8 MPH) (infield hit) Phil Lerner to third
|
|
Batting: RHB Mike MacLeod
|
0-0: SINGLE (Groundball, 56S, EV 71.2 MPH) (infield hit) Phil Lerner scores Eric McMillian to second
|
|
Batting: SHB Isaiah Scates
|
0-0: Swinging Strike 0-1: Ball 1-1: Ball 2-1: Swinging Strike 2-2: Ball 3-2: Foul Ball, location: 2F 3-2: Strikes out swinging
|
|
Batting: RHB Hector Fernandez
|
0-0: Swinging Strike 0-1: Called Strike 0-2: Ball Wild Pitch! Eric McMillian to third Mike MacLeod to second 1-2: Strikes out swinging
|
| Bottom of the 3rd over - 1 run, 3 hits, 0 errors, 2 left on base; State College 1 - Tri-City 3 |
| TOP OF THE 4TH |
|
State College Spikes batting - Pitching for Tri-City Dust Devils : RHP Nick Goodlow
|
|
Batting: RHB Ricky Yerzy
|
0-0: Ball 1-0: Foul Ball, location: 2F 1-1: Called Strike 1-2: Ball 2-2: Ground out 5-3 (Groundball, 56S, EV 92.5 MPH)
|
|
Batting: RHB Sam Daw
|
0-0: Ball 1-0: Ball 2-0: Ball 3-0: Base on Balls
|
|
Batting: RHB Nelson Salamanca
|
0-0: Ball Pickoff Throw to First - Out! 1-3 CS 1-0: Called Strike 1-1: Ball 2-1: Ball 3-1: Swinging Strike 3-2: Ground out 5-3 (Groundball, 56S, EV 85.6 MPH)
|
| Top of the 4th over - 0 runs, 0 hits, 0 errors, 0 left on base; State College 1 - Tri-City 3 |
| BOTTOM OF THE 4TH |
|
Tri-City Dust Devils batting - Pitching for State College Spikes : LHP Jon Zaragoza
|
|
Batting: RHB Phil McFadden
|
0-0: Ball 1-0: Ball 2-0: SINGLE (Groundball, 4MD, EV 105.6 MPH)
|
|
Batting: RHB Frank Elizondo
|
0-0: Foul Ball, location: 2F 0-1: Called Strike 0-2: Ball 1-2: Foul Ball, location: 2F 1-2: Foul Ball, location: 2F 1-2: Foul Ball, location: 2F 1-2: SINGLE (Groundball, 56, EV 106.2 MPH) Phil McFadden to second
|
|
Batting: RHB Shane Bruce
|
0-0: Ball 1-0: Ball 2-0: Called Strike 2-1: Called Strike 2-2: Grounds into double play, 1-6-3 (Groundball, 13S, EV 71.2 MPH) Phil McFadden to third
|
|
Batting: LHB Ramon Vega
|
0-0: Ball 1-0: Foul Ball, location: 2F 1-1: Foul Ball, location: 2F 1-2: Strikes out swinging
|
| Bottom of the 4th over - 0 runs, 2 hits, 0 errors, 1 left on base; State College 1 - Tri-City 3 |
| TOP OF THE 5TH |
|
State College Spikes batting - Pitching for Tri-City Dust Devils : RHP Nick Goodlow
|
|
Batting: SHB Bobby Mercado
|
0-0: Foul Ball, location: 2F 0-1: Bunt for hit to 13S - play at first, batter OUT! 1-3
|
|
Batting: LHB Ken Morehead
|
0-0: Ball 1-0: Called Strike 1-1: Ball 2-1: SINGLE (Line Drive, 89M, EV 111.9 MPH)
|
|
Batting: RHB Tim Cleary
|
0-0: Ball 1-0: Swinging Strike 1-1: Swinging Strike 1-2: Ball 2-2: Fielders Choice at 2nd, 5-4 (Groundball, 56S, EV 91.2 MPH)
|
|
Batting: RHB Mario Carbajal
|
0-0: Ball Tim Cleary is caught stealing 2nd base 2-4
|
| Top of the 5th over - 0 runs, 1 hit, 0 errors, 0 left on base; State College 1 - Tri-City 3 |
| BOTTOM OF THE 5TH |
|
Tri-City Dust Devils batting - Pitching for State College Spikes : LHP Jon Zaragoza
|
|
Batting: LHB Phil Lerner
|
0-0: Called Strike 0-1: Ball 1-1: Foul Ball, location: 2F 1-2: Foul Ball, location: 2F 1-2: Foul Ball, location: 2F 1-2: Fly out, F7 (Line Drive, 78S, EV 91.9 MPH)
|
|
Batting: RHB Eric McMillian
|
0-0: DOUBLE (Line Drive, 9LS, EV 110.6 MPH)
|
|
Batting: RHB Mike MacLeod
|
0-0: Ball 1-0: Called Strike 1-1: Ball 2-1: SINGLE (Line Drive, 9LS, EV 93.1 MPH) Eric McMillian to third Runner from 3rd tries for Home, SAFE, throw by RF to home
|
|
Batting: SHB Isaiah Scates
|
0-0: Called Strike 0-1: Foul Ball, location: 2F 0-2: Strikes out swinging
|
|
Batting: RHB Hector Fernandez
|
0-0: Ball 1-0: Ball 2-0: SINGLE (Groundball, 6D, EV 96.9 MPH) Mike MacLeod to second
|
|
Batting: RHB Phil McFadden
|
0-0: Swinging Strike 0-1: Swinging Strike 0-2: Ball 1-2: Strikes out swinging
|
| Bottom of the 5th over - 1 run, 3 hits, 0 errors, 2 left on base; State College 1 - Tri-City 4 |
| TOP OF THE 6TH |
|
State College Spikes batting - Pitching for Tri-City Dust Devils : RHP Nick Goodlow
|
|
Batting: RHB Mario Carbajal
|
0-0: Ground out 2-3 (Groundball, 2L, EV 73.8 MPH)
|
|
Batting: RHB Bobby Miles
|
0-0: Ball 1-0: Ball 2-0: SOLO HOME RUN (Flyball, 89XD, EV 101.9 MPH), Distance : 400 ft
|
|
Batting: RHB Ben Politi
|
0-0: Ball 1-0: Ball 2-0: Fly out, F9 (Flyball, 9, EV 78.8 MPH)
|
|
Batting: RHB Ricky Yerzy
|
0-0: Ball 1-0: Ball 2-0: Foul Ball, location: 2F 2-1: Fly out, F8 (Flyball, 89D, EV 98.1 MPH)
|
| Top of the 6th over - 1 run, 1 hit, 0 errors, 0 left on base; State College 2 - Tri-City 4 |
| BOTTOM OF THE 6TH |
|
Tri-City Dust Devils batting - Pitching for State College Spikes : LHP Jon Zaragoza
|
|
Batting: RHB Frank Elizondo
|
0-0: Ball 1-0: Foul Ball, location: 2F 1-1: Reached on error, E3 (Groundball, 34S, EV 91.2 MPH)
|
|
Batting: RHB Shane Bruce
|
0-0: Ball 1-0: Ball 2-0: Called Strike 2-1: Ball 3-1: Base on Balls
|
|
Batting: LHB Ramon Vega
|
0-0: Ball 1-0: Swinging Strike 1-1: Swinging Strike 1-2: Foul Ball, location: 2F 1-2: Ball 2-2: Strikes out swinging
|
|
Pitching: LHP Jake Hall
|
|
|
Batting: LHB Phil Lerner
|
0-0: Ball 1-0: Ball 2-0: Fielders Choice at 2nd, 2-4 (Groundball, 15S, EV 71.2 MPH) Frank Elizondo to third
|
|
Batting: RHB Eric McMillian
|
0-0: Ball 1-0: Foul Ball, location: 2F 1-1: Foul Ball, location: 2F 1-2: Foul Ball, location: 2F 1-2: Strikes out swinging
|
| Bottom of the 6th over - 0 runs, 0 hits, 1 error, 2 left on base; State College 2 - Tri-City 4 |
| TOP OF THE 7TH |
|
State College Spikes batting - Pitching for Tri-City Dust Devils : RHP Nick Goodlow
|
|
Batting: RHB Sam Daw
|
0-0: Ball 1-0: Ball 2-0: Called Strike 2-1: Swinging Strike 2-2: Strikes out swinging
|
|
Batting: RHB Nelson Salamanca
|
0-0: Foul Ball, location: 2F 0-1: SINGLE (Flyball, 4MD, EV 90.0 MPH)
|
|
Batting: SHB Bobby Mercado
|
0-0: Called Strike 0-1: DOUBLE (Flyball, 9LM, EV 91.9 MPH) Nelson Salamanca to third Runner from 3rd tries for Home, SAFE, throw by RF to home
|
|
Pitching: RHP Gilberto Ricalde
|
|
|
Batting: LHB Ken Morehead
|
0-0: Ball Bobby Mercado steals 3rd base 1-0: Called Strike 1-1: Ball 2-1: Called Strike 2-2: Fly out, F7 (Flyball, 7, EV 74.4 MPH)
|
|
Pinch Hitting: LHB Jorge Zarazua
|
0-0: Ball 1-0: Ball 2-0: Foul Ball, location: 2F 2-1: Swinging Strike 2-2: Strikes out swinging
|
| Top of the 7th over - 1 run, 2 hits, 0 errors, 1 left on base; State College 3 - Tri-City 4 |
| BOTTOM OF THE 7TH |
|
Tri-City Dust Devils batting - Pitching for State College Spikes : LHP Jake Hall
|
|
Now at 2B: Pat Scaturro
|
|
|
Batting: RHB Mike MacLeod
|
0-0: Ball 1-0: Foul Ball, location: 2F 1-1: Foul Ball, location: 2F 1-2: Foul Ball, location: 2F 1-2: Ball 2-2: Ball 3-2: Strikes out swinging
|
|
Batting: SHB Isaiah Scates
|
0-0: Called Strike 0-1: Foul Ball, location: 2F 0-2: Ball 1-2: Fly out, F8 (Flyball, 8LS, EV 91.2 MPH)
|
|
Batting: RHB Hector Fernandez
|
0-0: Called Strike 0-1: Foul Ball, location: 2F 0-2: Ball 1-2: Strikes out looking
|
| Bottom of the 7th over - 0 runs, 0 hits, 0 errors, 0 left on base; State College 3 - Tri-City 4 |
| TOP OF THE 8TH |
|
State College Spikes batting - Pitching for Tri-City Dust Devils : RHP Gilberto Ricalde
|
|
Now at 3B: Ed Oake
|
|
|
Pinch Hitting: SHB Devin Hottenstein
|
0-0: Swinging Strike 0-1: Ball 1-1: Ball 2-1: Swinging Strike 2-2: Ball 3-2: Strikes out swinging
|
|
Batting: RHB Bobby Miles
|
0-0: Foul Ball, location: 2F 0-1: Ball 1-1: Ball 2-1: Foul Ball, location: 2F 2-2: Fly out, F6 (Line Drive, 6, EV 68.8 MPH)
|
|
Pinch Hitting: LHB Ken Compton
|
0-0: Ball 1-0: Called Strike 1-1: Fly out, F5 (Popup, 56, EV 63.8 MPH)
|
| Top of the 8th over - 0 runs, 0 hits, 0 errors, 0 left on base; State College 3 - Tri-City 4 |
| BOTTOM OF THE 8TH |
|
Tri-City Dust Devils batting - Pitching for State College Spikes : LHP Jake Hall
|
|
Now at 3B: Nick Latulippe
|
|
|
Now in LF: Ken Compton
|
|
|
Now in RF: Sam Daw
|
|
|
Batting: RHB Phil McFadden
|
0-0: Called Strike 0-1: Called Strike 0-2: Strikes out swinging
|
|
Batting: RHB Frank Elizondo
|
0-0: Called Strike 0-1: Foul Ball, location: 2F 0-2: Strikes out swinging
|
|
Batting: RHB Shane Bruce
|
0-0: Called Strike 0-1: Foul Ball, location: 2F 0-2: Foul Ball, location: 2F 0-2: Ball 1-2: Strikes out looking
|
| Bottom of the 8th over - 0 runs, 0 hits, 0 errors, 0 left on base; State College 3 - Tri-City 4 |
| TOP OF THE 9TH |
|
State College Spikes batting - Pitching for Tri-City Dust Devils : RHP Gilberto Ricalde
|
|
Pitching: RHP Josh Mott
|
|
|
Batting: RHB Ricky Yerzy
|
0-0: Ball 1-0: Called Strike 1-1: Ball 2-1: Swinging Strike 2-2: Ball 3-2: Base on Balls
|
|
Batting: RHB Sam Daw
|
0-0: Ball 1-0: Ball 2-0: Foul Ball, location: 2F 2-1: Foul Ball, location: 2F 2-2: Strikes out swinging
|
|
Batting: RHB Nelson Salamanca
|
0-0: Ball Wild Pitch! Ricky Yerzy to second 1-0: Ground out 5-3 (Groundball, 56S, EV 84.4 MPH)
|
|
Batting: SHB Bobby Mercado
|
0-0: Called Strike 0-1: Called Strike 0-2: Ball 1-2: Ball 2-2: Ball 3-2: Strikes out swinging
|
| Top of the 9th over - 0 runs, 0 hits, 0 errors, 1 left on base; State College 3 - Tri-City 4 |
|